[Event "SixDays One Year GM-B 2023"]
[Site "Budapest"]
[Date "2023.09.20"]
[Round "5.2"]
[White "Palczert, Matyas"]
[Black "Lee, Jun Hyeok"]
[Result "1/2-1/2"]
[ECO "B90"]
[WhiteElo "2340"]
[BlackElo "2378"]
[Annotator "ChessBase"]
[PlyCount "118"]
[EventDate "2023.09.18"]
[EventType "tourn"]
[EventCountry "HUN"]
[SourceTitle "playchess.com"]
[Source "ChessBase"]
[SourceQuality "1"]
[TimeControl "5400+30"]

1. e4 c5 2. Nf3 d6 3. d4 cxd4 4. Nxd4 Nf6 5. Nc3 a6 6. Bd3 e5 7. Nde2 Be7 8. O-O O-O 9. Ng3 Be6 10. Nd5 Nxd5 11. exd5 Bxd5 12. Bxh7+ Kxh7 13. Qxd5 Nc6 14. Be3 f5 15. f4 g6 16. Rad1 Qc7 17. a3 Rad8 18. Ne2 Na5 19. Nc3 Nc4 20. Bf2 Nxb2 21. Rb1 Qxc3 22. Qxb7 Rf7 23. Rxb2 Kg7 24. Rb6 Bf6 25. Qf3 Qxc2 26. fxe5 dxe5 27. Rxa6 e4 28. Qf4 Rd1 29. Be3 Rxf1+ 30. Kxf1 Qc4+ 31. Kg1 g5 32. Qf1 Qb3 33. Qc1 f4 34. Rxf6 Rxf6 35. Bd4 e3 36. Bxf6+ Kxf6 37. Kf1 g4 38. Ke1 Qd5 39. Qc3+ Kg6 40. Qc2+ Kh6 41. Qc3 Kg6 42. Qc2+ Qf5 43. Qxf5+ Kxf5 44. a4 f3 45. gxf3 gxf3 46. a5 Ke4 47. a6 Kd3 48. a7 f2+ 49. Kf1 e2+ 50. Kxf2 Kd2 51. a8=Q e1=Q+ 52. Kg2 Qe2+ 53. Kg3 Qe5+ 54. Kg4 Qg7+ 55. Kf3 Qf6+ 56. Kg2 Qg6+ 57. Kf2 Qb6+ 58. Kf3 Qf6+ 59. Ke4 Qe6+ 1/2-1/2

[Event "SixDays One Year GM-B 2023"]
[Site "Budapest"]
[Date "2023.09.20"]
[Round "5.3"]
[White "Siddharth, Jagadeesh"]
[Black "Xiao, Tong"]
[Result "1/2-1/2"]
[ECO "B52"]
[WhiteElo "2391"]
[BlackElo "2452"]
[Annotator "ChessBase"]
[PlyCount "31"]
[EventDate "2023.09.18"]
[EventType "tourn"]
[EventCountry "HUN"]
[SourceTitle "playchess.com"]
[Source "ChessBase"]
[SourceQuality "1"]
[TimeControl "5400+30"]

1. e4 c5 2. Nf3 d6 3. Bb5+ Bd7 4. Bxd7+ Qxd7 5. O-O Nc6 6. c3 d5 7. exd5 Qxd5 8. d4 e6 9. Be3 cxd4 10. Nxd4 Nf6 11. Qa4 Be7 12. Nxc6 Qxc6 13. Qxc6+ bxc6 14. Nd2 O-O 15. Nc4 Nd5 16. Rfd1 1/2-1/2

[Event "SixDays One Year GM-B 2023"]
[Site "Budapest"]
[Date "2023.09.20"]
[Round "5.4"]
[White "Fodor, Tamas Jr."]
[Black "Yeganegi, Barad"]
[Result "1/2-1/2"]
[ECO "C45"]
[WhiteElo "2486"]
[BlackElo "2261"]
[Annotator "ChessBase"]
[PlyCount "35"]
[EventDate "2023.09.18"]
[EventType "tourn"]
[EventCountry "HUN"]
[SourceTitle "playchess.com"]
[Source "ChessBase"]
[SourceQuality "1"]
[TimeControl "5400+30"]

1. e4 e5 2. Nf3 Nc6 3. d4 exd4 4. Nxd4 Nf6 5. Nxc6 bxc6 6. e5 Qe7 7. Qe2 Nd5 8. h4 Qe6 9. g3 d6 10. c4 Nb6 11. exd6 Bxd6 12. Nd2 O-O 13. Qxe6 Bxe6 14. Be2 Bb4 15. a3 Bxd2+ 16. Bxd2 Bxc4 17. Bxc4 Nxc4 18. O-O-O 1/2-1/2

[Event "SixDays One Year GM-B 2023"]
[Site "Budapest"]
[Date "2023.09.20"]
[Round "5.5"]
[White "Baum, Jonasz"]
[Black "Varga, Zoltan"]
[Result "1/2-1/2"]
[ECO "B28"]
[WhiteElo "2429"]
[BlackElo "2363"]
[Annotator "ChessBase"]
[PlyCount "21"]
[EventDate "2023.09.18"]
[EventType "tourn"]
[EventCountry "HUN"]
[SourceTitle "playchess.com"]
[Source "ChessBase"]
[SourceQuality "1"]
[TimeControl "5400+30"]

1. e4 c5 2. Nf3 a6 3. c3 g6 4. d4 cxd4 5. cxd4 d5 6. e5 Bg4 7. Qb3 Ra7 8. Be2 Nc6 9. Be3 e6 10. Nbd2 Bb4 11. Rd1 1/2-1/2

[Event "SixDays One Year GM-B 2023"]
[Site "Budapest"]
[Date "2023.09.21"]
[Round "6.1"]
[White "Grover, Sahaj"]
[Black "Varga, Zoltan"]
[Result "1-0"]
[ECO "B38"]
[WhiteElo "2488"]
[BlackElo "2363"]
[Annotator "ChessBase"]
[PlyCount "53"]
[EventDate "2023.09.18"]
[EventType "tourn"]
[EventCountry "HUN"]
[SourceTitle "playchess.com"]
[Source "ChessBase"]
[SourceQuality "1"]
[TimeControl "5400+30"]

1. e4 c5 2. Nf3 g6 3. d4 cxd4 4. Nxd4 Bg7 5. c4 Nc6 6. Be3 Nf6 7. Nc3 O-O 8. Be2 Nxd4 9. Bxd4 d6 10. O-O a5 11. Qc2 a4 12. Rad1 Qa5 13. f4 a3 14. b3 e5 15. fxe5 dxe5 16. Be3 Be6 17. Rd6 Rfc8 18. Rb6 Bh6 19. Bf2 Bf8 20. Rxb7 Bb4 21. Rb5 Bxc3 22. Rxa5 Bxa5 23. c5 Rab8 24. Bc4 Ng4 25. Bxe6 fxe6 26. Qc4 Nxf2 27. Qxe6+ 1-0

[Event "SixDays One Year GM-B 2023"]
[Site "Budapest"]
[Date "2023.09.21"]
[Round "6.2"]
[White "Yeganegi, Barad"]
[Black "Baum, Jonasz"]
[Result "1/2-1/2"]
[ECO "D35"]
[WhiteElo "2261"]
[BlackElo "2429"]
[Annotator "ChessBase"]
[PlyCount "92"]
[EventDate "2023.09.18"]
[EventType "tourn"]
[EventCountry "HUN"]
[SourceTitle "playchess.com"]
[Source "ChessBase"]
[SourceQuality "1"]
[TimeControl "5400+30"]

1. d4 Nf6 2. c4 e6 3. Nc3 d5 4. cxd5 exd5 5. Bg5 c6 6. e3 h6 7. Bh4 Be7 8. Bd3 O-O 9. Nge2 Re8 10. O-O Nbd7 11. a4 a5 12. f3 Nf8 13. Bf2 Ne6 14. Rc1 c5 15. Bf5 b6 16. Nb5 Nc7 17. Bxc8 Qxc8 18. Nec3 Nxb5 19. Nxb5 Qd7 20. Qd3 Rac8 21. Rfd1 cxd4 22. Qxd4 Rxc1 23. Rxc1 Bc5 24. Qd3 Re5 25. b3 Qe8 26. Nd4 Nh7 27. Re1 Nf8 28. Bg3 Re7 29. Bh4 Rd7 30. Bg3 Ne6 31. Nxe6 Qxe6 32. Bf2 Re7 33. Kf1 Qd6 34. Bg3 Qc6 35. Bf2 Re5 36. Bg3 Re6 37. Bf2 Qd6 38. Bg3 Qc6 39. Bf2 Qc7 40. Bg3 Bd6 41. Bxd6 Qxd6 42. Kg1 Qe5 43. f4 Qd6 44. Rd1 Qc5 45. Kf2 Re4 46. g3 Re8 1/2-1/2

[Event "SixDays One Year GM-B 2023"]
[Site "Budapest"]
[Date "2023.09.21"]
[Round "6.3"]
[White "Xiao, Tong"]
[Black "Fodor, Tamas Jr."]
[Result "1-0"]
[ECO "C65"]
[WhiteElo "2452"]
[BlackElo "2486"]
[Annotator "ChessBase"]
[PlyCount "95"]
[EventDate "2023.09.18"]
[EventType "tourn"]
[EventCountry "HUN"]
[SourceTitle "playchess.com"]
[Source "ChessBase"]
[SourceQuality "1"]
[TimeControl "5400+30"]

1. e4 e5 2. Nf3 Nc6 3. Bb5 Nf6 4. d3 Bc5 5. c3 d5 6. Nbd2 O-O 7. O-O Bd6 8. Re1 Bg4 9. h3 Bh5 10. g4 Bg6 11. Nh4 Ne7 12. Ba4 c6 13. Bc2 Bc7 14. Nf5 Nd7 15. Qf3 Kh8 16. Nf1 f6 17. N1g3 Nc5 18. h4 Ne6 19. Be3 Bf7 20. Bb3 Nxf5 21. Nxf5 d4 22. Bd2 Qd7 23. Rad1 Rad8 24. Bxe6 Bxe6 25. cxd4 exd4 26. Bb4 Rf7 27. h5 b6 28. b3 c5 29. Bd2 g6 30. hxg6 hxg6 31. Nh6 Rff8 32. Kg2 Kg7 33. Rh1 Rh8 34. Rh4 Rh7 35. Rdh1 Rdh8 36. g5 Bd8 37. Bf4 a5 38. Qg3 a4 39. gxf6+ Bxf6 40. Be5 Bxe5 41. Qxe5+ Kf8 42. Rf4+ Ke8 43. Ng8 Rxh1 44. Nf6+ Kd8 45. Nxd7 Kxd7 46. Qg7+ Kd6 47. e5+ Kd5 48. Qc7 1-0

[Event "SixDays One Year GM-B 2023"]
[Site "Budapest"]
[Date "2023.09.21"]
[Round "6.4"]
[White "Lee, Jun Hyeok"]
[Black "Siddharth, Jagadeesh"]
[Result "1/2-1/2"]
[ECO "B67"]
[WhiteElo "2378"]
[BlackElo "2391"]
[Annotator "ChessBase"]
[PlyCount "40"]
[EventDate "2023.09.18"]
[EventType "tourn"]
[EventCountry "HUN"]
[SourceTitle "playchess.com"]
[Source "ChessBase"]
[SourceQuality "1"]
[TimeControl "5400+30"]

1. e4 c5 2. Nf3 d6 3. d4 cxd4 4. Nxd4 Nf6 5. Nc3 Nc6 6. Bg5 e6 7. Qd2 a6 8. O-O-O Bd7 9. Kb1 Nxd4 10. Qxd4 Be7 11. f4 Bc6 12. Bc4 Qa5 13. e5 dxe5 14. fxe5 Rd8 15. Qf4 Rxd1+ 16. Rxd1 Nd7 17. Bxe7 Kxe7 18. Qh4+ Ke8 19. Ne4 Bxe4 20. Qxe4 Qc7 1/2-1/2

[Event "SixDays One Year GM-B 2023"]
[Site "Budapest"]
[Date "2023.09.21"]
[Round "6.5"]
[White "Velikanov, Alexander"]
[Black "Palczert, Matyas"]
[Result "1/2-1/2"]
[ECO "B22"]
[WhiteElo "2327"]
[BlackElo "2340"]
[Annotator "ChessBase"]
[PlyCount "103"]
[EventDate "2023.09.18"]
[EventType "tourn"]
[EventCountry "HUN"]
[SourceTitle "playchess.com"]
[Source "ChessBase"]
[SourceQuality "1"]
[TimeControl "5400+30"]

1. e4 c5 2. c3 d5 3. exd5 Nf6 4. Bb5+ Nbd7 5. d4 cxd4 6. Qxd4 g6 7. Nf3 Bg7 8. O-O O-O 9. d6 exd6 10. Rd1 d5 11. Qh4 a6 12. Bxd7 Nxd7 13. Qxd8 Rxd8 14. Be3 Ne5 15. Nxe5 Bxe5 16. Nd2 Bg4 17. Nf3 Bxf3 18. gxf3 b5 19. Rd3 Rd7 20. Rad1 Rad8 21. Bb6 Rb8 22. Bc5 Rbd8 23. Bb6 Rb8 24. Ba5 Re8 25. Rxd5 Rxd5 26. Rxd5 Bf4 27. Rd4 g5 28. h4 f6 29. Kf1 Be5 30. Re4 Kf7 31. hxg5 fxg5 32. Bb6 Re6 33. Be3 Bf6 34. Bd4 Bxd4 35. Rxd4 Kg6 36. f4 gxf4 37. Rxf4 h5 38. f3 Kg5 39. Rd4 h4 40. Kf2 Rh6 41. a4 h3 42. Kg1 bxa4 43. Rxa4 Rb6 44. Kh2 Rxb2+ 45. Kxh3 Rc2 46. Rc4 a5 47. Kg3 a4 48. Rc5+ Kf6 49. Kf4 a3 50. Rc6+ Ke7 51. Ke4 Rc1 52. Ra6 1/2-1/2

[Event "SixDays One Year GM-B 2023"]
[Site "Budapest"]
[Date "2023.09.22"]
[Round "7.1"]
[White "Palczert, Matyas"]
[Black "Grover, Sahaj"]
[Result "0-1"]
[ECO "C54"]
[WhiteElo "2340"]
[BlackElo "2488"]
[Annotator "ChessBase"]
[PlyCount "152"]
[EventDate "2023.09.18"]
[EventType "tourn"]
[EventCountry "HUN"]
[SourceTitle "playchess.com"]
[Source "ChessBase"]
[SourceQuality "1"]
[TimeControl "5400+30"]

1. e4 e5 2. Nf3 Nc6 3. Bc4 Bc5 4. c3 Nf6 5. d4 exd4 6. cxd4 Bb4+ 7. Nbd2 d5 8. exd5 Nxd5 9. O-O O-O 10. a3 Be7 11. Re1 Bg4 12. h3 Bh5 13. g4 Bg6 14. Ne4 Re8 15. Bxd5 Qxd5 16. Nc3 Qc4 17. d5 Na5 18. Ne5 Qb3 19. Nxg6 hxg6 20. Qxb3 Nxb3 21. Rb1 Bd6 22. Be3 a6 23. Rbd1 f5 24. Ne2 fxg4 25. hxg4 Re4 26. g5 Rae8 27. Kg2 Na5 28. Nc3 R4e5 29. Kf1 Kf7 30. Bc1 Rf5 31. Rxe8 Kxe8 32. Ne4 Nc4 33. Rd4 b5 34. Rd3 Nb6 35. Nc3 Be7 36. Ke2 Bxg5 37. Bxg5 Rxg5 38. d6 Re5+ 39. Kf3 c5 40. Kf4 Rf5+ 41. Ke4 Kd7 42. Rg3 Rf6 43. Rg5 Kc6 44. b4 cxb4 45. axb4 Kxd6 46. Kd4 Ke7 47. Ne4 Rc6 48. Re5+ Kf8 49. Ng5 Rc4+ 50. Kd3 Rxb4 51. Re6 Nd7 52. Ke3 Rg4 53. f4 a5 54. Kf3 Rh4 55. Kg3 Rh5 56. Ra6 Rh1 57. Rxa5 Rb1 58. Ra6 b4 59. Ra7 b3 60. Rxd7 b2 61. Nf3 Rc1 62. Nd2 Rd1 63. Rb7 Rxd2 64. Kf3 Ke8 65. Ke3 Rh2 66. Kd4 Kd8 67. Ke5 Kc8 68. Rb3 Kd7 69. Rb8 Rd2 70. Rb6 Kc7 71. Rb3 Kc6 72. Ke6 Rd6+ 73. Kf7 Rd7+ 74. Kxg6 Rb7 75. Rc3+ Kd5 76. Rd3+ Ke4 0-1

[Event "SixDays One Year GM-B 2023"]
[Site "Budapest"]
[Date "2023.09.22"]
[Round "7.2"]
[White "Siddharth, Jagadeesh"]
[Black "Velikanov, Alexander"]
[Result "1/2-1/2"]
[ECO "B46"]
[WhiteElo "2391"]
[BlackElo "2327"]
[Annotator "RC"]
[PlyCount "35"]
[EventDate "2023.09.18"]
[EventType "tourn"]
[EventCountry "HUN"]
[SourceTitle "playchess.com"]
[Source "ChessBase"]
[SourceQuality "1"]
[TimeControl "5400+30"]

1. e4 c5 2. Nf3 e6 3. d4 cxd4 4. Nxd4 Nc6 5. Nc3 a6 6. Nxc6 bxc6 7. Qd3 d5 8. Qg3 Nf6 9. Be2 g6 10. Bf4 Bg7 11. O-O-O Nd7 12. exd5 cxd5 13. Bd6 Qb6 14. Rhe1 Bb7 15. Bc7 Qc5 16. Bd6 Qb6 17. Bc7 Qc5 18. Bd6 1/2-1/2

[Event "SixDays One Year GM-B 2023"]
[Site "Budapest"]
[Date "2023.09.22"]
[Round "7.3"]
[White "Fodor, Tamas Jr."]
[Black "Lee, Jun Hyeok"]
[Result "1/2-1/2"]
[ECO "A40"]
[WhiteElo "2486"]
[BlackElo "2378"]
[Annotator "RC"]
[PlyCount "57"]
[EventDate "2023.09.18"]
[EventType "tourn"]
[EventCountry "HUN"]
[SourceTitle "playchess.com"]
[Source "ChessBase"]
[SourceQuality "1"]
[TimeControl "5400+30"]

1. d4 g6 2. c4 Bg7 3. e4 e6 4. Nc3 Ne7 5. Nf3 d5 6. e5 O-O 7. Bg5 c5 8. cxd5 exd5 9. Nxd5 Qxd5 10. Bxe7 cxd4 11. Bxf8 Bxf8 12. Bd3 Bb4+ 13. Kf1 Nc6 14. Qe2 Be6 15. a3 Ba5 16. Rc1 Qd7 17. Be4 Bb6 18. h3 d3 19. Qxd3 Nd4 20. g4 Rd8 21. Kg2 Qa4 22. Bxb7 Nxf3 23. Qxf3 Rd2 24. Rhf1 Bc4 25. Kg1 Bxf1 26. Rc8+ Kg7 27. Qf6+ Kh6 28. b3 Qd4 29. Qh4+ 1/2-1/2

[Event "SixDays One Year GM-B 2023"]
[Site "Budapest"]
[Date "2023.09.22"]
[Round "7.4"]
[White "Baum, Jonasz"]
[Black "Xiao, Tong"]
[Result "1/2-1/2"]
[ECO "B52"]
[WhiteElo "2429"]
[BlackElo "2452"]
[Annotator "RC"]
[PlyCount "48"]
[EventDate "2023.09.18"]
[EventType "tourn"]
[EventCountry "HUN"]
[SourceTitle "playchess.com"]
[Source "ChessBase"]
[SourceQuality "1"]
[TimeControl "5400+30"]

1. e4 c5 2. Nf3 d6 3. Bb5+ Bd7 4. Bxd7+ Qxd7 5. c4 e5 6. Nc3 Nc6 7. d3 h6 8. Nd5 Nge7 9. a3 Nxd5 10. cxd5 Nd4 11. Nxd4 exd4 12. O-O Be7 13. f4 Bf6 14. Bd2 Rc8 15. a4 O-O 16. b3 b5 17. axb5 Rb8 18. Qc2 Rxb5 19. Ra3 Rfb8 20. Rfa1 R8b7 21. h3 Qc7 22. Qc4 Qb8 23. Rb1 Bd8 24. Kf2 a5 1/2-1/2

[Event "SixDays One Year GM-B 2023"]
[Site "Budapest"]
[Date "2023.09.22"]
[Round "8.1"]
[White "Grover, Sahaj"]
[Black "Yeganegi, Barad"]
[Result "1-0"]
[ECO "D00"]
[WhiteElo "2488"]
[BlackElo "2261"]
[Annotator "ChessBase"]
[PlyCount "165"]
[EventDate "2023.09.18"]
[EventType "tourn"]
[EventCountry "HUN"]
[SourceTitle "playchess.com"]
[Source "ChessBase"]
[SourceQuality "1"]
[TimeControl "5400+30"]

1. d4 d5 2. Bf4 Nf6 3. e3 c5 4. Nf3 Nc6 5. Be2 cxd4 6. exd4 Bg4 7. c3 e6 8. Qb3 Qb6 9. Nbd2 Qxb3 10. axb3 Kd7 11. Bb5 Bxf3 12. Nxf3 Bd6 13. Bxd6 Kxd6 14. Bxc6 bxc6 15. Ne5 Rhb8 16. Ra3 Rb7 17. b4 h6 18. Ra5 Rc8 19. Kd2 Nd7 20. Nd3 e5 21. Rha1 Rcc7 22. f3 f5 23. Ra6 e4 24. fxe4 fxe4 25. Ne1 Nb8 26. R6a5 Rf7 27. Ke2 a6 28. Nc2 Rf6 29. Ne3 h5 30. b3 Rbf7 31. Rf1 Rxf1 32. Nxf1 Rb7 33. Ne3 g6 34. Ra1 Ke6 35. h4 Kd6 36. Ra4 Ke6 37. c4 Kd6 38. Kd2 Ke6 39. Kc3 Rf7 40. Ra5 Rd7 41. Rc5 Rd6 42. g3 Nd7 43. Ra5 Nb8 44. Ra2 Rd8 45. Rf2 Nd7 46. Ng2 Nf8 47. Nf4+ Kf5 48. Ne2+ Ke6 49. Rf1 Ke7 50. Nf4 Kd6 51. Ra1 dxc4 52. bxc4 Ra8 53. Ra5 Nd7 54. Rg5 Nf8 55. Re5 Kd7 56. d5 Kd6 57. Rxe4 cxd5 58. Nxd5 Rc8 59. Re1 Ne6 60. Ra1 Rc6 61. Rf1 Rc8 62. Rf6 Ke5 63. Rf1 Re8 64. Ra1 Rf8 65. Re1+ Kd6 66. Re3 Rf1 67. Nb6 Nc7 68. Nc8+ Kd7 69. Ne7 Rc1+ 70. Kb3 Ne6 71. Nxg6 Nd4+ 72. Kb2 Rc2+ 73. Kb1 Kd6 74. Ne5 Rf2 75. Nd3 Rf1+ 76. Kb2 Nf5 77. Re5 Rf3 78. Ra5 Nxg3 79. Rxa6+ Kc7 80. Nc5 Rf2+ 81. Kb3 Nf5 82. b5 Nd6 83. Rc6+ 1-0

[Event "SixDays One Year GM-B 2023"]
[Site "Budapest"]
[Date "2023.09.22"]
[Round "8.2"]
[White "Xiao, Tong"]
[Black "Varga, Zoltan"]
[Result "1-0"]
[ECO "B04"]
[WhiteElo "2452"]
[BlackElo "2363"]
[Annotator "ChessBase"]
[PlyCount "61"]
[EventDate "2023.09.18"]
[EventType "tourn"]
[EventCountry "HUN"]
[SourceTitle "playchess.com"]
[Source "ChessBase"]
[SourceQuality "1"]
[TimeControl "5400+30"]

1. e4 Nf6 2. e5 Nd5 3. d4 d6 4. Nf3 c6 5. c4 Nc7 6. h3 dxe5 7. Nxe5 g6 8. Nc3 Bg7 9. Nf3 O-O 10. Bf4 Ne6 11. Be3 f5 12. g3 f4 13. gxf4 Nxf4 14. Qd2 Nd5 15. cxd5 Rxf3 16. Bc4 Kh8 17. h4 cxd5 18. Bxd5 Rf5 19. Be4 Nc6 20. O-O-O Rh5 21. Ne2 Bf5 22. f3 Na5 23. Bg5 Nc4 24. Qd3 Rc8 25. Kb1 Qd6 26. Bxf5 gxf5 27. Rc1 b5 28. f4 Rh6 29. Bxh6 Bxh6 30. Qxf5 e6 31. Qd3 1-0

[Event "SixDays One Year GM-B 2023"]
[Site "Budapest"]
[Date "2023.09.22"]
[Round "8.3"]
[White "Lee, Jun Hyeok"]
[Black "Baum, Jonasz"]
[Result "1/2-1/2"]
[ECO "C55"]
[WhiteElo "2378"]
[BlackElo "2429"]
[Annotator "ChessBase"]
[PlyCount "32"]
[EventDate "2023.09.18"]
[EventType "tourn"]
[EventCountry "HUN"]
[SourceTitle "playchess.com"]
[Source "ChessBase"]
[SourceQuality "1"]
[TimeControl "5400+30"]

1. e4 e5 2. Nf3 Nc6 3. Bc4 Nf6 4. d3 h6 5. a4 d6 6. a5 a6 7. c3 g6 8. Qb3 Qe7 9. Nbd2 Bg7 10. Nf1 O-O 11. Ng3 Nd8 12. O-O Bg4 13. Qd1 Kh7 14. h3 Be6 15. Bxe6 Nxe6 16. Re1 c5 1/2-1/2

[Event "SixDays One Year GM-B 2023"]
[Site "Budapest"]
[Date "2023.09.22"]
[Round "8.4"]
[White "Velikanov, Alexander"]
[Black "Fodor, Tamas Jr."]
[Result "1/2-1/2"]
[ECO "C01"]
[WhiteElo "2327"]
[BlackElo "2486"]
[Annotator "ChessBase"]
[PlyCount "21"]
[EventDate "2023.09.18"]
[EventType "tourn"]
[EventCountry "HUN"]
[SourceTitle "playchess.com"]
[Source "ChessBase"]
[SourceQuality "1"]
[TimeControl "5400+30"]

1. e4 e6 2. d4 d5 3. exd5 exd5 4. Nf3 Nf6 5. Bd3 c5 6. O-O c4 7. Re1+ Be7 8. Bf1 O-O 9. b3 cxb3 10. axb3 Nc6 11. Ne5 1/2-1/2

[Event "SixDays One Year GM-B 2023"]
[Site "Budapest"]
[Date "2023.09.22"]
[Round "8.5"]
[White "Palczert, Matyas"]
[Black "Siddharth, Jagadeesh"]
[Result "0-1"]
[ECO "B52"]
[WhiteElo "2340"]
[BlackElo "2391"]
[Annotator "ChessBase"]
[PlyCount "108"]
[EventDate "2023.09.18"]
[EventType "tourn"]
[EventCountry "HUN"]
[SourceTitle "playchess.com"]
[Source "ChessBase"]
[SourceQuality "1"]
[TimeControl "5400+30"]

1. e4 c5 2. Nf3 d6 3. Bb5+ Bd7 4. Bxd7+ Nxd7 5. O-O Ngf6 6. Qe2 e6 7. d4 cxd4 8. Nxd4 Be7 9. c4 Qa5 10. Rd1 a6 11. b3 Rc8 12. Bb2 Qh5 13. Qxh5 Nxh5 14. Nc3 Rg8 15. Rac1 g5 16. Nde2 g4 17. Rc2 Nc5 18. Ba3 Nf6 19. Bxc5 Rxc5 20. Nc1 b5 21. Nd3 Rc8 22. e5 dxe5 23. Nxe5 Rg5 24. Re2 Rc5 25. f4 gxf3 26. Nxf3 Rh5 27. Ne4 Rc6 28. Ng3 Rhc5 29. Ne5 Rd6 30. Rf1 bxc4 31. Nxc4 Rd3 32. Ne4 Nxe4 33. Rxe4 Rcd5 34. Kf2 Rc3 35. Kg1 Rc2 36. Rg4 Bc5+ 37. Kh1 Rxa2 38. h4 Rf2 39. Ra1 h5 40. Rg5 Rf4 41. g3 Rxg5 42. hxg5 Rf3 43. Ra5 Bd4 44. Rxa6 Rxg3 45. b4 Rxg5 46. b5 Kf8 47. b6 Rg1+ 48. Kh2 Rb1 49. Kg2 Rb4 50. Ra8+ Kg7 51. Rc8 Bxb6 52. Nd6 Rd4 53. Nc4 Bd8 54. Ne5 Bf6 0-1

[Event "SixDays One Year GM-B 2023"]
[Site "Budapest"]
[Date "2023.09.23"]
[Round "9.1"]
[White "Siddharth, Jagadeesh"]
[Black "Grover, Sahaj"]
[Result "1/2-1/2"]
[ECO "B12"]
[WhiteElo "2391"]
[BlackElo "2488"]
[Annotator "RC"]
[PlyCount "56"]
[EventDate "2023.09.18"]
[EventType "tourn"]
[EventCountry "HUN"]
[SourceTitle "playchess.com"]
[Source "ChessBase"]
[SourceQuality "1"]
[TimeControl "5400+30"]

1. e4 c6 2. d4 d5 3. e5 c5 4. Nf3 cxd4 5. Qxd4 Nc6 6. Qf4 e6 7. Bd3 f6 8. Nc3 fxe5 9. Nxe5 Nf6 10. Nb5 Bb4+ 11. c3 Ba5 12. Nxc6 bxc6 13. Nd6+ Ke7 14. Qg3 Kf8 15. Nxc8 Rxc8 16. O-O Bc7 17. Qh3 Kf7 18. Re1 Re8 19. Bg5 h6 20. Bh4 Bf4 21. Bxf6 Qxf6 22. Re2 Re7 23. Rae1 Rce8 24. g3 Bd6 25. Qh5+ Kg8 26. Qg6 e5 27. Qxf6 gxf6 28. f3 a5 1/2-1/2

[Event "SixDays One Year GM-B 2023"]
[Site "Budapest"]
[Date "2023.09.23"]
[Round "9.2"]
[White "Fodor, Tamas Jr."]
[Black "Palczert, Matyas"]
[Result "0-1"]
[ECO "E24"]
[WhiteElo "2486"]
[BlackElo "2340"]
[Annotator "RC"]
[PlyCount "136"]
[EventDate "2023.09.18"]
[EventType "tourn"]
[EventCountry "HUN"]
[SourceTitle "playchess.com"]
[Source "ChessBase"]
[SourceQuality "1"]
[TimeControl "5400+30"]

1. d4 Nf6 2. c4 e6 3. Nc3 Bb4 4. a3 Bxc3+ 5. bxc3 c5 6. f3 Nc6 7. e4 d6 8. Be3 Qa5 9. d5 Ne5 10. Qc2 O-O 11. Be2 b5 12. dxe6 bxc4 13. exf7+ Rxf7 14. Rd1 d5 15. exd5 Nd3+ 16. Bxd3 cxd3 17. Qxd3 Ba6 18. Qd2 Ne4 19. Qc2 Nxc3 20. Kf2 Nxd1+ 21. Qxd1 Qxa3 22. Nh3 Re8 23. Qc1 Qxc1 24. Rxc1 c4 25. Ng5 Rd7 26. Ne4 Rxd5 27. Bxa7 Ra5 28. Nc3 Bc8 29. Bd4 Bf5 30. h4 Bd3 31. Rd1 Kf7 32. Rd2 Rb8 33. g4 Rb3 34. Rd1 Raa3 35. Rc1 Ra8 36. h5 Rb2+ 37. Kg3 Rd8 38. Be5 Re8 39. Bd4 Rb7 40. f4 Rd7 41. Be5 Rxe5 42. fxe5 Ke6 43. Re1 Bc2 44. Kh4 Rd4 45. Nb5 Re4 46. Rc1 Bb3 47. Nd6 Rd4 48. Nb5 Rd1 49. Rc3 Kxe5 50. Rf3 Rd7 51. h6 gxh6 52. Kh5 Bc2 53. Na3 Bd3 54. Nxc4+ Bxc4 55. Kxh6 Bd3 56. g5 Rd6+ 57. Kg7 Bf5 58. Rf1 Rd7+ 59. Kh6 Rd3 60. Rh1 Bg6 61. Ra1 Be4 62. Ra4 Rh3+ 63. Kg7 Bg6 64. Ra5+ Ke6 65. Ra6+ Kf5 66. Ra5+ Kg4 67. Rb5 Kh5 68. Ra5 Rf3 0-1

[Event "SixDays One Year GM-B 2023"]
[Site "Budapest"]
[Date "2023.09.23"]
[Round "9.3"]
[White "Baum, Jonasz"]
[Black "Velikanov, Alexander"]
[Result "0-1"]
[ECO "A57"]
[WhiteElo "2429"]
[BlackElo "2327"]
[Annotator "RC"]
[PlyCount "62"]
[EventDate "2023.09.18"]
[EventType "tourn"]
[EventCountry "HUN"]
[SourceTitle "playchess.com"]
[Source "ChessBase"]
[SourceQuality "1"]
[TimeControl "5400+30"]

1. d4 Nf6 2. c4 c5 3. d5 b5 4. cxb5 a6 5. e3 e6 6. dxe6 fxe6 7. Nc3 d5 8. Nf3 Be7 9. Be2 O-O 10. O-O axb5 11. Bxb5 Bb7 12. Qe2 Nbd7 13. Rd1 Bd6 14. e4 d4 15. Bc4 Kh8 16. Ng5 Qb8 17. Nb1 Bxh2+ 18. Kh1 Ne5 19. Bxe6 Ba6 20. Qc2 h6 21. Nh3 Neg4 22. f3 Ne3 23. Bxe3 dxe3 24. Nc3 Nh5 25. g4 Ng3+ 26. Kg2 e2 27. Re1 Nf1 28. Rxe2 Qg3+ 29. Kh1 Qxf3+ 30. Rg2 Qxh3 31. Rxh2 Ng3+ 0-1

[Event "SixDays One Year GM-B 2023"]
[Site "Budapest"]
[Date "2023.09.23"]
[Round "9.4"]
[White "Varga, Zoltan"]
[Black "Lee, Jun Hyeok"]
[Result "1/2-1/2"]
[ECO "E85"]
[WhiteElo "2363"]
[BlackElo "2378"]
[Annotator "RC"]
[PlyCount "48"]
[EventDate "2023.09.18"]
[EventType "tourn"]
[EventCountry "HUN"]
[SourceTitle "playchess.com"]
[Source "ChessBase"]
[SourceQuality "1"]
[TimeControl "5400+30"]

1. d4 g6 2. e4 Bg7 3. c4 d6 4. Nc3 Nf6 5. f3 O-O 6. Be3 e5 7. Nge2 Nbd7 8. Qd2 a6 9. O-O-O b5 10. Kb1 c6 11. c5 b4 12. Na4 Qa5 13. b3 exd4 14. Nxd4 Bb7 15. cxd6 c5 16. Nc2 Bc6 17. Nxc5 Nxc5 18. Qxb4 Nb7 19. Qxa5 Nxa5 20. Bb6 Nb7 21. Nb4 Bxe4+ 22. fxe4 Nxe4 23. Nd5 Nbxd6 24. Bd3 f5 1/2-1/2

[Event "SixDays One Year GM-B 2023"]
[Site "Budapest"]
[Date "2023.09.23"]
[Round "9.5"]
[White "Yeganegi, Barad"]
[Black "Xiao, Tong"]
[Result "0-1"]
[ECO "E46"]
[WhiteElo "2261"]
[BlackElo "2452"]
[Annotator "RC"]
[PlyCount "96"]
[EventDate "2023.09.18"]
[EventType "tourn"]
[EventCountry "HUN"]
[SourceTitle "playchess.com"]
[Source "ChessBase"]
[SourceQuality "1"]
[TimeControl "5400+30"]

1. d4 Nf6 2. c4 e6 3. Nc3 Bb4 4. e3 O-O 5. Bd2 b6 6. Nf3 Bb7 7. Bd3 d6 8. a3 Bxc3 9. Bxc3 Ne4 10. O-O Nxc3 11. bxc3 Nd7 12. e4 e5 13. Nd2 Qe7 14. f4 c5 15. fxe5 cxd4 16. cxd4 dxe5 17. d5 Nc5 18. Nb3 Ba6 19. Nxc5 Qxc5+ 20. Kh1 Bxc4 21. Bxc4 Qxc4 22. Qf3 f5 23. exf5 e4 24. Qg4 Qxd5 25. Rad1 Qe5 26. Rd7 Rf7 27. Rxf7 Kxf7 28. Rd1 Re8 29. Qh5+ Kg8 30. Rd5 Qe7 31. h3 e3 32. Qe2 Qxa3 33. Kh2 Qe7 34. Rd3 Qe5+ 35. g3 Kh8 36. f6 gxf6 37. Kg2 Qe4+ 38. Kh2 Qxd3 39. Qxd3 e2 40. Qc3 e1=Q 41. Qxf6+ Kg8 42. Qg5+ Kf7 43. Qf5+ Ke7 44. Qxh7+ Kd6 45. Qd3+ Kc7 46. Qc4+ Kb8 47. h4 Re2+ 48. Kh3 Qh1+ 0-1